 Dungeon Crawl Stone Soup version 0.23-a0-619-g281719c (webtiles) character file.

53442 tilp the Impaler (level 14, -7/108 HPs)
             Began as a Merfolk Ice Elementalist on Dec 22, 2018.
             Was the Champion of Makhleb.
             Mangled by a large abomination (18 damage)
             ... on level 2 of the Abyss.
             The game lasted 01:57:05 (29486 turns).

tilp the Impaler (Merfolk Ice Elementalist)        Turns: 29486, Time: 01:57:06

Health: -7/108     AC: 19    Str: 13    XL:     14   Next: 68%
Magic:  26/26      EV: 18    Int: 15    God:    Makhleb [******]
Gold:   1794       SH:  0    Dex: 21    Spells: 7/29 levels left

rFire    + . .     SeeInvis .   a - +1 glaive
rCold    + . .     Gourm    .   (shield currently unavailable)
rNeg     . . .     Faith    .   Q - +3 leather armour of Tomorrow {rC+ Dex+6 Stlth-}
rPois    .         Spirit   .   p - +2 helmet
rElec    .         Reflect  .   l - +1 cloak
rCorr    .         Harm     .   x - +1 pair of gloves
MR       +....                  y - +0 pair of boots
Stlth    +.........             W - amulet of regeneration
HPRegen  0.28/turn              t - ring of protection from fire
MPRegen  0.20/turn              e - +5 ring of protection

@: mighty
A: change form in water, swift swim, stealthy swim, [dopey 2]
a: Minor Destruction, Lesser Servant of Makhleb, Major Destruction, Greater
Servant of Makhleb, Renounce Religion


You were on level 2 of the Abyss.
You worshipped Makhleb.
Makhleb was exalted by your worship.
You were not hungry.

You visited 4 branches of the dungeon, and saw 20 of its levels.
You visited the Abyss 1 time.
You also visited: Sewer, Ossuary, Gauntlet and Volcano.

You collected 1874 gold pieces.
You spent 80 gold pieces at shops.

Inventory:

Hand Weapons
 a - a +1 glaive (weapon)
 b - a +1 scimitar of flaming
Missiles
 f - 7 tomahawks (quivered)
 Y - 4 throwing nets
Armour
 l - a +1 cloak (worn)
 p - a +2 helmet (worn)
 x - a +1 pair of gloves (worn)
 y - a +0 pair of boots (worn)
 Q - the +3 leather armour of Tomorrow (worn) {rC+ Dex+6 Stlth-}
   (You found it on level 5 of the Dungeon)

   It affects your dexterity (+6).
   It protects you from cold.
   It makes you less stealthy.
Jewellery
 e - a +5 ring of protection (right hand)
 i - the ring of Onkown {rElec rF- rN+++ MR+ Int-3}
   (You found it in a Gauntlet)

   [ring of protection from magic]

   It affects your intelligence (-3).
   It makes you vulnerable to fire.
   It insulates you from electricity.
   It renders you almost immune to negative energy.
   It affects your resistance to hostile enchantments.
 s - a +6 amulet of reflection
 t - a ring of protection from fire (left hand)
 C - a cursed amulet of inaccuracy {unknown}
 J - a +3 ring of evasion {unknown}
 N - an uncursed amulet of magic regeneration {unknown}
 O - an uncursed amulet of the acrobat
 S - an uncursed ring of magical power
 W - an amulet of regeneration (around neck)
Wands
 m - a wand of paralysis (1)
 o - a wand of enslavement (8)
 r - a wand of disintegration (6)
 z - a wand of polymorph (16)
 F - a wand of flame (27)
 L - a wand of acid (7)
 X - a wand of iceblast (2)
Scrolls
 d - a scroll of acquirement {unknown}
 h - 3 scrolls of remove curse
 A - a scroll of teleportation
 B - 3 scrolls of magic mapping
 G - 4 scrolls of amnesia
 H - a scroll of enchant weapon
 P - 2 scrolls of fog
Potions
 g - 4 potions of cancellation
 j - 3 potions of curing
 k - a potion of flight
 q - 4 potions of brilliance
 v - 5 potions of haste
 w - 5 potions of magic
 E - a potion of berserk rage
 I - 2 potions of lignification
 K - 4 potions of might
 M - a potion of resistance {unknown}
 R - a potion of degeneration {unknown}
 V - 2 potions of invisibility {unknown}
Miscellaneous
 u - a lamp of fire (inert)
Comestibles
 c - 38 rations


   Skills:
 + Level 9.5 Fighting
 - Level 20.0 Polearms
 - Level 8.0 Dodging
 - Level 2.1 Stealth
 - Level 8.0 Spellcasting
 - Level 2.7 Conjurations
 - Level 4.3 Charms
 - Level 13.0 Ice Magic
 - Level 5.6 Invocations
 - Level 6.0 Evocations


You had 7 spell levels left.
You knew the following spells:

 Your Spells              Type           Power        Failure   Level  Hunger
a - Freeze                Ice            ####         1%          1    None
b - Throw Frost           Conj/Ice       ####..       1%          2    None
c - Ozocubu's Armour      Chrm/Ice       ####....     1%          3    ##.....
d - Throw Icicle          Conj/Ice       ####....     6%          4    ####...
e - Summon Ice Beast      Ice/Summ       ####....     11%         4    ####...
f - Ensorcelled Hibernat  Hex/Ice        ####..       1%          2    None
g - Tukima's Dance        Hex            #.......     41%         3    ##.....
h - Slow                  Hex            #.......     22%         2    None
i - Summon Butterflies    Summ           #.......     16%         1    None

Your spell library contained the following spells:

 Spells                   Type           Power        Failure   Level  Hunger
 Corona                   Hex            #......      16%         1    None
 Corpse Rot               Necr           N/A          22%         2    None
 Sublimation of Blood     Necr           #.........   22%         2    None
 Dazzling Spray           Conj/Hex       ##....       26%         3    ##.....
 Call Canine Familiar     Summ           #.......     41%         3    ##.....
 Confuse                  Hex            #.......     41%         3    ##.....
 Inner Flame              Hex/Fire       #.......     41%         3    ##.....
 Portal Projectile        Hex/Tloc       #.....       41%         3    ##.....
 Cause Fear               Hex            #.........   83%         4    ####...
 Leda's Liquefaction      Hex/Erth       #.........   83%         4    ####...
 Excruciating Wounds      Chrm/Necr      ##........   86%         5    #####..
 Bolt of Draining         Conj/Necr      ##........   94%         5    #####..
 Agony                    Necr           #.......     99%         5    #####..
 Dispel Undead            Necr           #.......     99%         5    #####..
 Summon Mana Viper        Hex/Summ       #.......     99%         5    #####..
 Summon Hydra             Summ           #.........   100%        7    #######


Dungeon Overview and Level Annotations

Branches:
Dungeon (11/15)            Temple (1/1) D:5            Lair (6/6) D:10
  Swamp (0/4) Lair:2       Spider (0/4) Lair:3        Slime (0/5) Lair:5
    Orc (2/2) D:11            Elf (0/3) Orc:2

Altars:
Cheibriados
Elyvilon
Fedhas
Gozag
Hepliaklqana
Kikubaaqudgha
Makhleb
Nemelex Xobeh
Okawaru
Qazlal
Ru
Trog
Uskayaw
Vehumet
Wu Jian
Xom
Yredelemnul
Zin
The Shining One

Shops:
D:5 (   D:7 }   D:8 (

Annotations:
Lair:2 Gastronok Gauntlet 7 transporters


Innate Abilities, Weirdness & Mutations

You revert to your normal form in water.
You are very nimble and swift while swimming.
You are very stealthy in the water. (Stealth+)
[You are very dopey. (Int -4)]


Message History

You hit the bone dragon but do no damage.
The bone dragon is moderately damaged.
Your leather armour of Tomorrow prevents you from hitting the bone dragon.
The bone dragon is moderately damaged.
The bone dragon is engulfed in blazing flames.
The bone dragon closely misses you. The bone dragon claws you.
The bone dragon tramples you but does no damage.
You hit the bone dragon but do no damage.
The bone dragon is moderately damaged.
The bone dragon is engulfed in blazing flames.
The bone dragon bites you. The bone dragon claws you.
* * * LOW HITPOINT WARNING * * *
The bone dragon tramples you!
* * * LOW HITPOINT WARNING * * *
You hold your ground!
The bone dragon bites you but does no damage.
The bone dragon closely misses you.
The bone dragon tramples you but does no damage.
The large abomination hits you!!
You die...

. #.. #..##.
##..#.# ..##
.##..##..##.. #
............. ...
...................
##.. #.. #..##..#.
.##..##..##..##..#.
. .
.................
..................#
.##.. #..##@.##..#.
#.. # .##XD#
.......Z..§.... ..
..............§§
..#
..##..##..##..#. .
.. #..##..# ..# . .
......... ... .
.......... .. .##
#..##


You could see a bone dragon, a large abomination and a titan skeleton.

Vanquished Creatures
  A fire dragon (Volcano)
  3 hydras (Lair:2)
  Harold (D:8)
  4 two-headed ogres
  Nergalle (Orc:1)
  A wizard (Gauntlet)
  2 orc knights (Orc:1)
  3 harpies (Lair:6)
  3 salamanders (Volcano)
  A cyclops (Orc:1)
  A worldbinder (Gauntlet)
  12 elephants
  Maurice (D:8)
  An apocalypse crab (Abyss:2)
  5 black mambas
  12 spiny frogs
  Psyche (D:8)
  A torpor snail (Gauntlet)
  7 rime drakes
  10 komodo dragons
  An ancient zyme (Abyss:2)
  A polar bear (Lair:6)
  A wind drake (Lair:6)
  3 hornets
  5 hippogriffs
  4 blink frogs
  6 slime creatures
  5 wyverns
  29 yaks
  2 vampires
  A redback (Lair:3)
  2 wraiths
  5 fire bats (Volcano)
  A chaos spawn (Abyss:2)
  A steam dragon (Volcano)
  A warg (D:11)
  Menkaure (D:6)
  A large abomination (Abyss:2)
  14 porcupines
  Duvessa (D:6)
  13 water moccasins
  A swamp worm (Lair:2)
  17 orc warriors
  2 eyes of draining
  A phantom (D:11)
  6 ogres
  2 small abominations (Abyss:2)
  A centaur (D:8)
  3 boggarts (Gauntlet)
  19 crocodiles
  10 wolves
  6 big kobolds
  16 bullfrogs
  Dowan (D:6)
  2 scorpions
  11 killer bees
  7 wights
  3 howler monkeys
  2 electric eels (Lair:3)
  A starcursed mass (Abyss:2)
  3 bullfrog zombies
  4 crimson imps
  8 jellies
  A centaur zombie (D:6)
  7 hounds
  12 orc priests
  2 bullfrog skeletons
  2 centaur skeletons
  3 iguanas
  13 orc wizards
  5 worker ants
  A big kobold zombie (Ossuary)
  2 hound skeletons
  3 mummies (Ossuary)
  Robin (D:1)
  A howler monkey zombie (D:7)
  16 gnolls
  11 adders
  A river rat (Sewer)
  2 white imps (Gauntlet)
  11 oozes
  4 worms
  3 dart slugs
  9 leopard geckos
  60 orcs
  5 ball pythons
  7 giant cockroaches
  16 goblins
  8 hobgoblins
  15 jackals
  4 quokkas
  6 bats
  5 frilled lizards
  A gnoll zombie (Ossuary)
  2 goblin zombies (Ossuary)
  2 hobgoblin zombies (Ossuary)
  24 kobolds
  6 kobold zombies (Ossuary)
  14 rats
  A lurking horror (Abyss:2)
  A plant (D:10)
582 creatures vanquished.

Vanquished Creatures (collateral kills)
  2 hydras
  A merfolk avatar (Lair:6)
  Erica (Lair:2)
  2 two-headed ogres
  Urug (D:11)
  A cyclops (D:11)
  3 elephants (Lair:4)
  A rime drake (Lair:6)
  3 blink frogs
  3 wyverns (Volcano)
  2 basilisks (Lair:3)
  A yak (Lair:6)
  A water moccasin (Lair:5)
  3 ogres
  2 crocodiles (Volcano)
  A bullfrog (D:10)
  2 wights (D:11)
  3 electric eels
  A plant (Lair:2)
34 creatures vanquished.

Vanquished Creatures (others)
  A rime drake (Lair:5)
  A komodo dragon (Lair:5)
  A bush (Lair:4)
  16 fungi
  A lurking horror (Abyss:2)
  35 plants
  6 starspawn tentacles (Abyss:2)
61 creatures vanquished.

Grand Total: 677 creatures vanquished

Notes
Turn   | Place    | Note
-------+----------+-------------------------------------------
     0 | D:1      | tilp the Merfolk Ice Elementalist began the quest for the
                  | Orb.
     0 | D:1      | Reached XP level 1. HP: 13/13 MP: 3/3
     0 | D:1      | Noticed an orb of fire
     0 | D:1      | Noticed an iron dragon
     2 | D:1      | Noticed an ice dragon
     2 | D:1      | Noticed a shadow dragon
    10 | D:1      | Noticed a shadow dragon
    11 | D:1      | Noticed a green draconian
    13 | D:1      | Noticed a large abomination
    13 | D:1      | Noticed an iron dragon
    15 | D:1      | Noticed a shadow dragon
    17 | D:1      | Noticed an orb of fire
    17 | D:1      | Noticed an iron dragon
    19 | D:1      | Noticed a large abomination
    19 | D:1      | Noticed an iron dragon
    21 | D:1      | Noticed a yellow draconian
    21 | D:1      | Noticed a red draconian
    23 | D:1      | Noticed a shadow dragon
   244 | D:1      | Reached XP level 2. HP: 12/19 MP: 5/5
   736 | D:1      | Reached XP level 3. HP: 18/24 MP: 3/6
   749 | D:1      | Learned a level 2 spell: Throw Frost
   753 | D:1      | Learned a level 3 spell: Ozocubu's Armour
  1372 | D:1      | Reached skill level 5 in Ice Magic
  1617 | D:2      | Noticed Robin
  1649 | D:1      | Killed Robin
  1649 | D:1      | Reached XP level 4. HP: 11/30 MP: 0/7
  2864 | D:3      | Reached XP level 5. HP: 35/35 MP: 6/8
  3125 | D:3      | Reached skill level 1 in Fighting
  3715 | D:3      | Found a faded altar of an unknown god.
  3842 | D:3      | Reached XP level 6. HP: 44/44 MP: 7/9
  4003 | D:4      | Reached skill level 1 in Charms
  4056 | D:4      | Noticed a phantom
  4204 | D:4      | Got a warped hand axe
  4278 | D:4      | Found a glowing drain.
  4305 | Sewer    | Entered a sewer
  4719 | Sewer    | Reached XP level 7. HP: 45/50 MP: 5/12
  6004 | D:5      | Entered Level 5 of the Dungeon
  6049 | D:5      | Found a staircase to the Ecumenical Temple.
  6058 | Temple   | Entered the Ecumenical Temple
  6066 | Temple   | Became a worshipper of Makhleb the Destroyer
  6078 | D:5      | Found Uqelim's Weapon Emporium.
  6210 | D:5      | Found a sand-covered staircase.
  6218 | Ossuary  | Entered an ossuary
  6218 | Ossuary  | Noticed a wraith
  6218 | Ossuary  | Noticed a wraith
  6218 | Ossuary  | Noticed a wraith
  6479 | Ossuary  | Reached XP level 8. HP: 23/56 MP: 10/14
  6761 | Ossuary  | Noticed a wraith
  6796 | Ossuary  | Killed a wraith
  7624 | D:5      | Reached skill level 1 in Evocations
  7626 | D:5      | Reached * piety under Makhleb
  7690 | D:5      | Got a distressingly furry leather armour
  7829 | D:5      | Reached skill level 5 in Dodging
  8000 | D:6      | Identified the +3 leather armour of Tomorrow {rC+ Dex+6
                  | Stlth-} (You found it on level 5 of the Dungeon)
  8084 | D:6      | Noticed Menkaure
  8321 | D:6      | Identified the +1 hand axe of Meippiuf {pain, rF+ MP-9
                  | Int+6} (You found it on level 4 of the Dungeon)
  8559 | D:6      | Found the +9 sword of Zonguldrok {reap}
  8664 | D:6      | Found a shimmering altar of Xom.
  8664 | D:6      | Noticed Dowan
  8664 | D:6      | Noticed Duvessa
  8693 | D:6      | Killed Duvessa
  8698 | D:6      | Killed Dowan
  9187 | D:7      | Reached XP level 9. HP: 58/65 MP: 11/15
  9216 | D:7      | Learned a level 4 spell: Throw Icicle
  9221 | D:7      | Learned a level 4 spell: Summon Ice Beast
  9481 | D:7      | Reached ** piety under Makhleb
  9533 | D:7      | Reached skill level 10 in Ice Magic
  9700 | D:7      | Reached skill level 1 in Invocations
  9767 | D:7      | Found Depric's Gadget Emporium.
  9913 | D:8      | Found a glowing silver altar of Zin.
  9913 | D:8      | Found a stormy altar of Qazlal.
  9913 | D:8      | Found a sacrificial altar of Ru.
  9913 | D:8      | Found a basalt altar of Yredelemnul.
  9963 | D:8      | Noticed a two-headed ogre
 10056 | D:8      | Noticed Psyche
 10056 | D:8      | Noticed Maurice
 10275 | D:8      | Killed Psyche
 10275 | D:8      | Reached skill level 5 in Invocations
 10465 | D:8      | Reached skill level 1 in Conjurations
 10506 | D:8      | Found Uqeubu's Weapon Shop.
 10763 | D:8      | Reached XP level 10. HP: 67/71 MP: 8/16
 10980 | D:8      | Noticed Harold
 11006 | D:8      | Killed Harold
 11006 | D:8      | Reached skill level 5 in Spellcasting
 11924 | D:9      | Noticed a two-headed ogre
 11933 | D:9      | Killed a two-headed ogre
 11956 | D:9      | Got a transparent trident
 12046 | D:9      | Reached skill level 2 in Polearms
 12275 | D:9      | Identified the cursed +0 trident "Concordance" {antimagic,
                  | rC+++ Str-5 Stlth-} (You found it on level 9 of the
                  | Dungeon)
 12337 | D:9      | Reached skill level 3 in Polearms
 12428 | D:9      | Reached *** piety under Makhleb
 12431 | D:9      | Reached skill level 4 in Polearms
 12658 | D:9      | Found an ornate altar of the Wu Jian Council.
 12725 | D:10     | Entered Level 10 of the Dungeon
 12725 | D:10     | Noticed a two-headed ogre
 12742 | D:9      | Killed a two-headed ogre
 12742 | D:9      | Reached skill level 7 in Polearms
 13130 | D:10     | Reached XP level 11. HP: 68/77 MP: 11/21
 13133 | D:10     | Reached skill level 8 in Polearms
 13345 | D:10     | Found a staircase to the Lair.
 13502 | D:10     | Reached skill level 9 in Polearms
 13706 | D:10     | Reached skill level 10 in Polearms
 13944 | D:8      | Bought a +0 trident of venom for 80 gold pieces
 13967 | D:8      | Killed Maurice
 14323 | D:9      | Reached skill level 11 in Polearms
 14847 | D:11     | Noticed Urug
 14861 | D:11     | Killed Urug
 14930 | D:11     | Noticed a two-headed ogre
 14939 | D:11     | Killed a two-headed ogre
 14939 | D:11     | Reached skill level 12 in Polearms
 15099 | D:11     | Found a staircase to the Orcish Mines.
 15129 | D:11     | Noticed a cyclops
 15590 | D:11     | Reached **** piety under Makhleb
 15858 | D:11     | Reached skill level 13 in Polearms
 15994 | D:11     | Killed a cyclops
 16146 | Lair:1   | Entered Level 1 of the Lair of Beasts
 16363 | Lair:1   | Noticed a four-headed hydra
 16371 | Lair:1   | Killed a four-headed hydra
 16371 | Lair:1   | Reached skill level 14 in Polearms
 16970 | Lair:1   | Reached XP level 12. HP: 85/85 MP: 22/22
 17037 | Lair:1   | Reached skill level 5 in Fighting
 17504 | Lair:2   | Noticed Erica
 17516 | Lair:2   | Killed Erica
 17623 | Lair:2   | Noticed an eight-headed hydra
 17653 | Lair:2   | Killed a three-headed hydra
 18107 | Lair:2   | Noticed a seven-headed hydra
 18126 | Lair:2   | Killed a three-headed hydra
 18356 | Lair:2   | Noticed a four-headed hydra
 18369 | Lair:2   | Killed a one-headed hydra
 18382 | Lair:2   | Found a staircase to the Swamp.
 18645 | Lair:2   | Noticed Gastronok
 19259 | Lair:3   | Found a hole to the Spider Nest.
 20416 | Lair:4   | Reached XP level 13. HP: 98/98 MP: 24/24
 20442 | Lair:4   | Found a dark tunnel.
 20452 | Volcano  | Entered a volcano
 20555 | Volcano  | Reached skill level 5 in Evocations
 21184 | Volcano  | Noticed a fire dragon
 21197 | Volcano  | Killed a fire dragon
 22062 | Lair:4   | Reached skill level 15 in Polearms
 23155 | Lair:5   | Found a staircase to the Slime Pits.
 23204 | Lair:5   | Reached skill level 16 in Polearms
 23427 | Lair:5   | Learned a level 2 spell: Ensorcelled Hibernation
 23431 | Lair:5   | Learned a level 3 spell: Tukima's Dance
 23710 | Lair:5   | Learned a level 2 spell: Slow
 23868 | Lair:5   | Learned a level 1 spell: Summon Butterflies
 24128 | Lair:6   | Entered Level 6 of the Lair of Beasts
 24579 | Lair:6   | Reached skill level 17 in Polearms
 24915 | Lair:6   | Reached XP level 14. HP: 94/105 MP: 7/26
 25080 | Lair:6   | Found a bloodstained altar of Trog.
 25128 | Lair:6   | Reached skill level 18 in Polearms
 25160 | Lair:6   | Reached ***** piety under Makhleb
 25826 | Lair:6   | Reached skill level 19 in Polearms
 27016 | D:6      | Killed Menkaure
 27105 | Orc:1    | Entered Level 1 of the Orcish Mines
 27833 | Orc:1    | Reached skill level 20 in Polearms
 27863 | Orc:1    | Noticed Nergalle
 27886 | Orc:1    | Killed Nergalle
 27939 | Orc:1    | Found a shimmering altar of Xom.
 28156 | Orc:2    | Entered Level 2 of the Orcish Mines
 28259 | Orc:2    | Found a gate leading to a gauntlet.
 28332 | Gauntlet | Entered a Gauntlet
 28332 | Gauntlet | Found a transporter.
 28332 | Gauntlet | Found a transporter.
 28443 | Gauntlet | Found a transporter.
 28447 | Gauntlet | Found a transporter.
 28461 | Gauntlet | Found a transporter.
 28463 | Gauntlet | Found a transporter.
 28471 | Gauntlet | Found a transporter.
 28492 | Gauntlet | Found a transporter.
 28498 | Gauntlet | Found a transporter.
 28501 | Gauntlet | Found a transporter.
 28511 | Gauntlet | Found a transporter.
 28515 | Gauntlet | Found a transporter.
 28665 | Gauntlet | Got a crude glass ring
 28864 | Gauntlet | Cast into level 2 of the Abyss (a wizard)
 28864 | Abyss:2  | Found a corrupted altar of Lugonu.
 28893 | Abyss:2  | Noticed a starcursed mass
 28910 | Abyss:2  | Paralysed by accursed screaming for 1 turns
 29110 | Abyss:2  | Identified the ring of Onkown {rElec rF- rN+++ MR+ Int-3}
                  | (You found it in a Gauntlet)
 29144 | Abyss:2  | Reached ****** piety under Makhleb
 29190 | Abyss:2  | Found an opulent altar of Gozag.
 29253 | Abyss:2  | Noticed a starcursed mass
 29325 | Abyss:2  | Noticed a tentacled starspawn
 29472 | Abyss:2  | Noticed a bone dragon
 29486 | Abyss:2  | Mangled by a large abomination

Vault maps used:
D:1:      shiori_arrival_whats_in_store_for_you
D:2:      first_ration, uniq_robin
D:3:      chequers_ecumenical_altar_island
D:4:      portal_sewer_entry_f
D:5:      minmay_temple_entry_junction, serial_shops, shop_coins,
          nicolae_ossuary_entry_ruins
D:6:      tgw_xom, uniq_duvessa, uniq_menkaure
D:7:      serial_shops, shop
D:8:      grunt_temple_overflow_open, serial_shops, nicolae_shop_crystal,
          uniq_harold, uniq_psyche, uniq_maurice
D:9:      lemuel_coloured_pillars_altar, hangedman_little_slice_of_home,
          skrybe_limestone_x
D:10:     dpeg_oklobed_lair
D:11:     david_orc_3, uniq_urug
Temple:   nicolae_temple_x_marks_the_god
Lair:1:   grunt_megastairs_3, lemuel_fruit_fields, infiniplex_staircase_pool_2
Lair:2:   palyth_hydra_swamp_entry, serial_bayou_shore_b, uniq_gastronok,
          uniq_erica
Lair:3:   spider_nest_entry_webs, disabler_island, infiniplex_staircase_pool
Lair:4:   nicolae_volcano_entry_two_sided
Lair:5:   nicolae_slime_entry_slimehenge, grunt_megastairs_5
Lair:6:   gammafunk_lair_ancient_temple, basic_altar
Orc:1:    basic_altar, uniq_nergalle
Orc:2:    st_orc_town, gauntlet_entry_generic, basic_altar, mines_bat_river
Sewer:    sewer_co_tree
Ossuary:  ossuary_kennysheep_city_of_the_dead
Volcano:  pf_volcano_lost_world
Gauntlet: gammafunk_gauntlet_hard_choice

Skill      XL: |  1  2  3  4  5  6  7  8  9 10 11 12 13 14 |
---------------+-------------------------------------------+-----
Ice Magic      | 4 5 6 7 8 10 12 13 | 13.0
Dodging        | 4 6 8 |  8.0
Fighting       | 2 4 8 9 |  9.5
Charms         | 2 3 4 |  4.3
Spellcasting   | 3 4 6 7 8 |  8.0
Evocations     | 4 6 |  6.0
Invocations    | 5 |  5.6
Conjurations   | 1 2 |  2.7
Polearms       | 7 14 17 20 | 20.0
Stealth        | |  2.1

Action                   |  1- 3 |  4- 6 |  7- 9 | 10-12 | 13-15 || total
-------------------------+-------+-------+-------+-------+-------++-------
Melee: Short sword       |    11 |       |       |       |       ||    11
       Dagger            |    86 |   199 |   517 |   102 |       ||   904
       Tailslap          |       |     4 |     1 |       |     2 ||     7
       Spear             |       |       |       |   191 |       ||   191
       Trident           |       |       |       |   629 |   474 ||  1103
       Scimitar          |       |       |       |    16 |     3 ||    19
       Glaive            |       |       |       |       |   757 ||   757
Throw: Stone             |       |     2 |       |       |       ||     2
       Tomahawk          |       |     4 |     2 |       |     2 ||     8
 Cast: Freeze            |    34 |    89 |   100 |   178 |    52 ||   453
       Ozocubu's Armour  |       |     3 |    29 |    68 |    76 ||   176
       Throw Frost       |       |     3 |    20 |    34 |    59 ||   116
       Throw Icicle      |       |       |       |    11 |    58 ||    69
       Summon Ice Beast  |       |       |       |     9 |    16 ||    25
       Slow              |       |       |       |       |     4 ||     4
Invok: Minor Destruction |       |       |       |     1 |       ||     1
       Lesser Servant of |       |       |       |    14 |     8 ||    22
Evoke: Wand              |       |       |     6 |    32 |     4 ||    42
       Lamp of fire      |       |       |       |       |     1 ||     1
  Use: Scroll            |     2 |     5 |    16 |    17 |    11 ||    51
       Potion            |       |     2 |     2 |     3 |    17 ||    24
 Stab: Sleeping          |     2 |     7 |     5 |       |       ||    14
       Distracted        |       |     1 |       |       |     9 ||    10
       Paralysed         |       |       |       |    10 |       ||    10
  Eat: Chunk             |     3 |    11 |    18 |    22 |    35 ||    89
       Ration            |       |       |     1 |     4 |     2 ||     7
Armor: Robe              |     8 |       |       |       |       ||     8
       Leather armour    |     4 |    51 |   178 |   306 |   371 ||   910
Dodge: Dodged            |    52 |   146 |   399 |   719 |   887 ||  2203
       Deflected         |       |       |     3 |       |       ||     3
       Rpst.: Scimitar   |       |       |       |     1 |       ||     1

Table legend:
 A = Non-vault XP
 B = Vault XP
 C = Vault XP percentage of total XP
 D = Non-vault monster count
 E = Vault monster count
 F = Vault count percentage of total count
                 A         B        C        D         E       F
            +---------+---------+-------+---------+---------+-------
      Total |   49212 |   27135 |  35.5 |     441 |     173 |  28.2
            +---------+---------+-------+---------+---------+-------
        D:1 |      68 |      33 |  32.7 |      29 |      11 |  27.5
        D:2 |      56 |       3 |   5.1 |      16 |       2 |  11.1
        D:3 |     165 |       0 |   0.0 |      24 |       0 |   0.0
        D:4 |     116 |       9 |   7.2 |      10 |       4 |  28.6
        D:5 |     468 |       0 |   0.0 |      22 |       0 |   0.0
        D:6 |     169 |     450 |  72.7 |       4 |       8 |  66.7
        D:7 |    1313 |       0 |   0.0 |      25 |       0 |   0.0
        D:8 |    1882 |    1913 |  50.4 |      27 |       3 |  10.0
        D:9 |    3267 |     157 |   4.6 |      21 |       8 |  27.6
       D:10 |    1999 |       0 |   0.0 |      30 |       0 |   0.0
       D:11 |    2840 |     749 |  20.9 |      27 |       8 |  22.9
     Lair:1 |    4516 |     402 |   8.2 |      26 |       2 |   7.1
     Lair:2 |    3335 |    2713 |  44.9 |      16 |       6 |  27.3
     Lair:3 |    4921 |     475 |   8.8 |      19 |       6 |  24.0
     Lair:4 |    7494 |       0 |   0.0 |      29 |       0 |   0.0
     Lair:5 |    3118 |     268 |   7.9 |      17 |       5 |  22.7
     Lair:6 |    6990 |    9334 |  57.2 |      23 |      26 |  53.1
      Orc:1 |    4434 |     824 |  15.7 |      55 |       1 |   1.8
      Orc:2 |     552 |       0 |   0.0 |      13 |       0 |   0.0
    Abyss:2 |    1509 |       0 |   0.0 |       8 |       0 |   0.0
      Sewer |       0 |     576 | 100.0 |       0 |      28 | 100.0
    Ossuary |       0 |     286 | 100.0 |       0 |      15 | 100.0
    Volcano |       0 |    6359 | 100.0 |       0 |      27 | 100.0
   Gauntlet |       0 |    2584 | 100.0 |       0 |      13 | 100.0
            +---------+---------+-------+---------+---------+-------
